 Dungeon Crawl Stone Soup version 0.18-a0-1611-g00361b8 (webtiles) character file.

80 Oddball22 the Gusty (level 4, -2/21 HPs)
             Began as a Vine Stalker Air Elementalist on Mar 23, 2016.
             Slain by a sky beast (5 damage)
             ... on level 3 of the Dungeon.
             The game lasted 00:04:33 (2315 turns).

Oddball22 the Gusty (Vine Stalker Air Elementalist) Turns: 2315, Time: 00:04:34

Health: -2/21      AC:  2    Str: 10    XL:     4   Next: 39%
Magic:  0/8        EV: 13    Int: 15    God:
Gold:   155        SH:  0    Dex: 16    Spells: 3 memorised, 2 levels left

rFire  . . .     SeeInvis .     t - +0 dagger (curse)
rCold  . . .     Gourm    .     a - +0 robe
rNeg   . . .     Faith    .     (no shield)
rPois  .         Spirit   +     (no helmet)
rElec  .         Dismiss  .     (no cloak)
rCorr  .         Reflect  .     (no gloves)
SustAt .         Harm     .     (no boots)
MR     .....                    (no amulet)
Stlth  ++........               (no ring)
                                (no ring)

@: not resistant to hostile enchantments, unstealthy
A: fangs 2, regeneration 1, magic shield, antimagic bite, no device heal 3, rot
immunity
a: no special abilities


You were on level 3 of the Dungeon.
You were not hungry.

You visited 1 branch of the dungeon, and saw 3 of its levels.

You collected 155 gold pieces.

Inventory:

Hand Weapons
 t - a cursed +0 dagger (weapon)
 v - a cursed -1 dagger
Armour
 a - a +0 robe (worn)
Jewellery
 f - an uncursed ring of wizardry {unknown}
Wands
 k - a wand of slowing (31/48)
Scrolls
 d - 3 scrolls of identify {unknown}
 g - 5 scrolls of remove curse {unknown}
 h - a scroll of blinking {unknown}
 i - a scroll of recharging {unknown}
 j - a scroll of amnesia {unknown}
 n - a scroll of immolation {unknown}
 o - 3 scrolls of teleportation {unknown}
Potions
 e - 2 potions of resistance {unknown}
 l - a potion of brilliance {unknown}
 m - 4 potions of degeneration {unknown}
 q - 3 potions of flight {unknown}
 s - a potion of curing {unknown}
 u - 2 potions of ambrosia {unknown}
Books
 b - a book of Air

   Spells                             Type                      Level
   a - Shock                          Conjuration/Air              1
   b - Swiftness                      Charms/Air                   2
   c - Repel Missiles                 Charms/Air                   2
   d - Static Discharge               Conjuration/Air              3
   e - Lightning Bolt                 Conjuration/Air              5
Comestibles
 c - 2 bread rations
 p - a beef jerky
 r - a meat ration
 w - 3 chunks of flesh


   Skills:
 + Level 0.6 Fighting
 + Level 2.3 Dodging
 - Level 2.4 Stealth
 * Level 2.7 Unarmed Combat
 - Level 2.1 Spellcasting
 - Level 1.0 Conjurations
 - Level 3.2 Air Magic


You had 2 spell levels left.
You knew the following spells:

 Your Spells              Type           Power        Failure   Level  Hunger
a - Shock                 Conj/Air       #...         12%         1    #......
b - Repel Missiles        Chrm/Air       #.....       17%         2    ###....
c - Swiftness             Chrm/Air       #.......     17%         2    ###....


Dungeon Overview and Level Annotations

Branches:
Dungeon (3/15)

Altars:


Innate Abilities, Weirdness & Mutations

You have extremely sharp teeth.
Your natural rate of healing is unusually fast.
When hurt, damage is shared between your health and your magic reserves.
Your bite disrupts and absorbs the magic of your enemies.
Potions and wands cannot restore your health.
You are immune to rotting.


Message History

You can't see any susceptible monsters within range! (Use Z to cast anyway.) Unknown command.
Casting: Shock
Confirm with . or Enter, or press ? or * to list all spells.
You can't see any susceptible monsters within range! (Use Z to cast anyway.) Unknown command.
You barely miss the sky beast.
The sky beast is heavily wounded.
The sky beast hits you but does no damage.
You hit the sky beast but do no damage. Your bite misses the sky beast.
The sky beast is heavily wounded.
The sky beast hits you. The sky beast shocks you.
* * * LOW HITPOINT WARNING * * *
You closely miss the sky beast.
You bite the sky beast, but do no damage.
The sky beast is heavily wounded.
The sky beast hits you.
* * * LOW HITPOINT WARNING * * *
The sky beast shocks you.
You die...

###..#####.###(....
#..................
#.#..#####.#####...
#.#..#####.#
#.#........#######
#.#..#####.##....#
#.#..# #.##?# #
#....# #.##Y# #
#.#..# #.##@# #
#.#..# #.##.###...
####.#####..........#
#.......##.###.#.#
#######.##.# #.##.#
#.##$. #.#### #.#


You could see a sky beast.

Vanquished Creatures
  An adder (D:2)
  An ooze (D:2)
  2 worms
  3 giant geckos
  A ball python (D:3)
  2 giant cockroaches
  6 hobgoblins
  4 jackals (D:1)
  7 kobolds
  A quokka (D:2)
  4 bats
  A giant newt (D:2)
  9 goblins
  11 rats
53 creatures vanquished.

Vanquished Creatures (others)
  5 toadstools (D:1)
5 creatures vanquished.

Grand Total: 58 creatures vanquished

Notes
Turn   | Place    | Note
--------------------------------------------------------------
     0 | D:1      | Oddball22 the Vine Stalker Air Elementalist began the quest for the Orb.
     0 | D:1      | Reached XP level 1. HP: 9/9 MP: 4/4
    68 | D:1      | Reached skill level 1 in Unarmed Combat
    78 | D:1      | Reached XP level 2. HP: 11/13 MP: 6/6
   778 | D:1      | Reached XP level 3. HP: 16/16 MP: 7/7
  1306 | D:2      | Reached XP level 4. HP: 13/21 MP: 5/8
  1382 | D:2      | Learned a level 2 spell: Repel Missiles
  1385 | D:2      | Learned a level 2 spell: Swiftness
  2296 | D:3      | Noticed a sky beast
  2315 | D:3      | Slain by a sky beast

Vault maps used:
D:1:      ldierk_walled_garden
D:2:      minmay_bad_closet
D:3:      portal_sewer_entry_b

Skill      XL: |  1  2  3 |
---------------+----------+-----
Unarmed Combat | 1 2 |  2.7
Dodging        | 2 |  2.3
Fighting       | |  0.6
Stealth        | |  2.4
Spellcasting   | |  2.1
Conjurations   | |  1.0
Air Magic      | |  3.2

Action                   |  1- 3 |  4- 6 || total
-------------------------+-------+-------++-------
Melee: Unarmed           |   153 |     3 ||   156
       Dagger            |       |    54 ||    54
 Cast: Shock             |    15 |     5 ||    20
 Stab: Sleeping          |     7 |     4 ||    11
       Distracted        |       |     1 ||     1
  Eat: Chunk             |     2 |     3 ||     5
